AoeStats
← coca

Lombardia

508716751Analyzed
2v2 RM · 8d ago on Sep 23, 2026· 50m 5s· 4 players
Game mode
Random Map
Map size
Medium (4 player)
Population
200
Speed
Normal
Resources
Standard
Victory
Conquest
Starting age
Dark Age
Ending age
Imperial Age
RankedLock teamsTeams togetherTeam positionsShared explorationLock speedFull tech treeHidden civsTurbo modeCheats
Victory
Defeat
🇸🇪 Romans · Sweden
1303
+12
🇸🇪 Maya · Sweden
1198
+17
🇮🇳 Mongols · India
1422
-22
🇮🇳 Franks · India
1015
-7
FORE_PoLiCe
11:34 Feudal Age
13:55 Wheelbarrow
13:12 Double-Bit Axe
22:05 Castle Age
20:54 Scale Barding Armor
21:00 Forging
28:07 Hand Cart
27:45 Loom
28:29 Chain Barding Armor
30:09 Bow Saw
30:33 Gold Mining
31:29 Husbandry
41:48 Iron Casting
44:18 Imperial Age
46:02 Cavalier
Fore_Ruthless
10:54 Feudal Age
9:12 Loom
10:58 Feudal Age
15:42 Castle Age
13:24 Horse Collar
13:30 Double-Bit Axe
14:15 Scale Barding Armor
15:15 Bloodlines
17:05 Forging
23:31 Bow Saw
27:56 Gold Mining
27:56 Stone Mining
33:24 Imperial Age
30:55 Fletching
32:15 Bodkin Arrow
33:29 Padded Archer Armor
33:33 Husbandry
34:18 Bracer
35:10 Leather Archer Armor
36:11 Ballistics
36:36 Light Cavalry
37:29 Forging
38:08 Parthian Tactics
38:51 Chemistry
38:28 Chain Barding Armor
38:43 Conscription
38:00 Elite Mangudai
39:12 Hussar
41:35 Iron Casting
coca
7:22 Loom
10:01 Feudal Age
17:52 Castle Age
16:40 Double-Bit Axe
16:38 Horse Collar
18:26 Pikeman
21:39 Scale Mail Armor
21:58 Forging
21:49 Scale Mail Armor
24:09 Wheelbarrow
24:04 Heavy Plow
25:13 Bow Saw
27:36 Town Watch
31:17 Imperial Age
30:37 Iron Casting
29:54 Fletching
30:16 Squires
32:27 Heavy Scorpion
34:55 Hand Cart
35:22 Ballistas
36:20 Ballistics
37:01 Chemistry
36:04 Gold Mining
37:46 Halberdier
39:48 Bodkin Arrow
48:38 Chain Mail Armor
49:23 Blast Furnace
49:23 Conscription
ZORRRO
0:31 Loom
9:54 Feudal Age
11:19 Double-Bit Axe
11:32 Gold Mining
15:45 Wheelbarrow
19:27 Castle Age
21:17 Horse Collar
23:23 Crossbowman
24:02 Fletching
24:57 Town Watch
29:12 Ballistics
30:02 Bodkin Arrow
30:08 Padded Archer Armor
32:09 Thumb Ring
36:09 Imperial Age
35:10 Hand Cart
35:01 Heavy Plow
35:13 Bow Saw
38:17 Conscription
37:56 Arbalester
38:54 Bracer
39:10 Leather Archer Armor
38:32 Capped Ram
40:40 Siege Ram
44:18 Eagle Warrior
44:59 Squires
46:53 Two-Man Saw
46:31 Crop Rotation
47:49 Elite Eagle Warrior
48:16 Arson
48:40 Spies/Treason
Connection lost

Rejoining the realm…

Still unreachable

The connection could not be restored.

Session expired

The server has moved on; the page needs a fresh start.